 Dungeon Crawl Stone Soup version 0.24.0-3-g28a8eb0610 (webtiles) character file.

Game seed: 9320310845693227611, levelgen mode: deterministic

674 Mrkan the Chopper (level 7, -3/61 HPs)
             Began as a Minotaur Fighter on Nov 1, 2019.
             Was a Priest of Dithmenos.
             Slain by a wyvern (4 damage)
             ... on level 5 of the Dungeon.
             The game lasted 00:07:59 (4902 turns).

Mrkan the Chopper (Minotaur Fighter)                Turns: 4902, Time: 00:08:01

Health: -3/61      AC:  8    Str: 20    XL:     7   Next: 33%
Magic:  6/6        EV:  7    Int:  5    God:    Dithmenos [***...]
Gold:   174        SH: 10    Dex: 12    Spells: 6/6 levels left

rFire    . . .     SeeInvis .   a - +0 war axe
rCold    . . .     Gourm    .   c - +0 shield
rNeg     . . .     Faith    .   b - +0 scale mail
rPois    .         Spirit   .   (helmet restricted)
rElec    .         Reflect  .   p - +0 cloak
rCorr    .         Harm     .   (no gloves)
MR       .....                  (no boots)
Stlth    ..........             (no amulet)
HPRegen  0.20/turn              (no ring)
MPRegen  0.10/turn              (no ring)

@: wreathed by umbra
A: retaliatory headbutt, horns 2
a: Shadow Step, Renounce Religion


You were on level 5 of the Dungeon.
You worshipped Dithmenos.
Dithmenos was most pleased with you.
You were not hungry.

You visited 1 branch of the dungeon, and saw 5 of its levels.
You also visited: Sewer.

You collected 174 gold pieces.

Inventory:

Hand Weapons
 a - a +0 war axe (weapon)
 n - a +0 fustibalus
Missiles
 x - a curare-tipped dart (quivered)
Armour
 b - a +0 scale mail (worn)
 c - a +0 shield (worn)
 p - a +0 cloak (worn)
Jewellery
 e - a +4 amulet of reflection {unknown}
 q - an uncursed ring of stealth {unknown}
 s - a +3 ring of protection
 u - a cursed ring of attention {unknown}
Scrolls
 g - a scroll of fog {unknown}
 h - 4 scrolls of amnesia {unknown}
 l - 2 scrolls of fear {unknown}
 o - 2 scrolls of random uselessness {unknown}
 r - a scroll of blinking {unknown}
 t - 4 scrolls of identify {unknown}
 v - a scroll of magic mapping {unknown}
 y - a scroll of enchant armour {unknown}
 z - a scroll of enchant weapon {unknown}
 C - 3 scrolls of teleportation
 E - a scroll of immolation {unknown}
 F - a scroll of remove curse {unknown}
Potions
 d - a potion of might
 i - a potion of brilliance {unknown}
 j - a potion of curing {unknown}
 k - 3 potions of heal wounds {unknown}
 m - a potion of cancellation {unknown}
 w - a potion of degeneration {unknown}
 A - 4 potions of mutation {unknown}
 B - 5 potions of flight
 D - a potion of lignification {unknown}
Comestibles
 f - 11 rations
 G - 4 chunks of flesh


   Skills:
 + Level 5.6 Fighting
 * Level 6.4 Axes
 + Level 5.6 Armour
 + Level 5.7 Shields


You had 6 spell levels left.
You didn't know any spells.
Your spell library was empty.

Dungeon Overview and Level Annotations

Branches:
Dungeon (5/15)             Temple (0/1) D:4           Sewer (visited)

Altars:
Dithmenos
Nemelex Xobeh
Ru
Xom


Innate Abilities, Weirdness & Mutations

You reflexively headbutt those who attack you in melee.
You have a pair of horns on your head.


Message History

The wyvern is heavily wounded.
The wyvern bites you.
* * * LOW HITPOINT WARNING * * *
You closely miss the wyvern. Your headbutt misses the wyvern.
The wyvern is heavily wounded.
The wyvern bites you but does no damage.
The wyvern closely misses you.
A sky beast appears from thin air!
Reactivating autopickup.
You barely miss the wyvern.
The wyvern is heavily wounded.
You block the wyvern's attack. The wyvern bites you!
* * * LOW HITPOINT WARNING * * *
You closely miss the wyvern.
The wyvern is heavily wounded.
The wyvern bites you.
* * * LOW HITPOINT WARNING * * *
The sky beast flickers out of sight!
Deactivating autopickup; reactivate with Ctrl-A.
The wyvern bites you.
You die...

# #. #. #. #.##.
#....
#....########
####...........
........#
##.###..######
#..{l@..#
#..####.# #..#
#.#####.##
#..####.........
........#####.##
##.......#####.##
................
######.รท########
#..#


You could see a wyvern.

Vanquished Creatures
  An ogre (D:4)
  An orc priest (D:4)
  Crazy Yiuf (D:2)
  4 orc wizards
  Jessica (D:2)
  A worker ant (D:4)
  A merfolk siren (Sewer)
  A merfolk avatar (Sewer)
  A hound skeleton (D:4)
  4 gnolls (D:4)
  2 river rats (Sewer)
  9 adders
  An adder skeleton (D:5)
  7 worms
  2 dart slugs
  9 leopard geckos
  13 orcs
  11 giant cockroaches
  3 goblins
  5 hobgoblins (D:1)
  7 jackals
  4 quokkas
  9 ball pythons
  5 bats
  6 frilled lizards
  A jackal zombie (D:1)
  11 kobolds
  A leopard gecko zombie (D:1)
  24 rats
146 creatures vanquished.

Vanquished Creatures (others)
  An orc wizard (D:4)
1 creature vanquished.

Grand Total: 147 creatures vanquished

Notes
Turn   | Place    | Note
-------+----------+-------------------------------------------
     0 | D:1      | Mrkan the Minotaur Fighter began the quest for the Orb.
     0 | D:1      | Reached XP level 1. HP: 19/19 MP: 0/0
   121 | D:1      | Reached XP level 2. HP: 19/27 MP: 1/1
   127 | D:1      | Reached skill level 3 in Axes
   622 | D:1      | Reached XP level 3. HP: 29/33 MP: 2/2
  1084 | D:2      | Found a shadowy altar of Dithmenos.
  1105 | D:2      | Became a worshipper of Dithmenos the Shadowed
  1314 | D:2      | Found a runed translucent door.
  1315 | D:2      | Noticed Crazy Yiuf
  1410 | D:2      | Noticed Jessica
  1415 | D:2      | Killed Jessica
  1415 | D:2      | Reached XP level 4. HP: 28/40 MP: 3/3
  1576 | D:2      | Reached skill level 4 in Axes
  1999 | D:2      | Killed Crazy Yiuf
  2415 | D:3      | Reached * piety under Dithmenos
  2421 | D:3      | Reached XP level 5. HP: 46/47 MP: 4/4
  2438 | D:3      | Found a sacrificial altar of Ru.
  2509 | D:3      | Found a sacrificial altar of Ru.
  2594 | D:3      | Found a shimmering altar of Xom.
  2635 | D:3      | Found a sparkling altar of Nemelex Xobeh.
  2696 | D:3      | Found a glowing drain.
  2721 | Sewer    | Entered a sewer
  2801 | Sewer    | Reached ** piety under Dithmenos
  2801 | Sewer    | Reached skill level 5 in Axes
  2817 | Sewer    | Reached XP level 6. HP: 53/55 MP: 5/5
  2909 | Sewer    | Reached skill level 5 in Shields
  2979 | Sewer    | Reached skill level 5 in Armour
  3360 | D:4      | Reached skill level 5 in Fighting
  3449 | D:4      | Reached *** piety under Dithmenos
  3480 | D:4      | Found a staircase to the Ecumenical Temple.
  3895 | D:4      | Reached skill level 6 in Axes
  3895 | D:4      | Reached XP level 7. HP: 44/61 MP: 6/6
  4872 | D:5      | Entered Level 5 of the Dungeon
  4889 | D:5      | Noticed a wyvern
  4902 | D:5      | HP: 1/61 [wyvern (3)]
  4902 | D:5      | Slain by a wyvern

Levels and vault maps discovered:
D:1:      saegor_arrival_fortress, layout_basic
D:2:      layout_basic, grunt_dithmenos_smoke_and_mirrors, uniq_jessica,
          uniq_crazy_yiuf_cottage
D:3:      layout_rooms, nemelex_xobeh_ov_fountains_minmay, lemuel_round_altar,
          lemuel_coloured_pillars_altar, portal_sewer_entry_f, first_ration,
          nicolae_ru_awakened_eye
D:4:      layout_loops_corners, temple_green, kennysheep_generic_room_7
D:5:      layout_loops_ring, nicolae_tso_carved_into_rock,
          overflow_temple_1_default, kennysheep_small_spiral, uniq_menkaure,
          uniq_prince_ribbit1, uniq_grinder

Skill      XL: |  1  2  3  4  5  6 |
---------------+-------------------+-----
Axes           | 3 4 5 6 |  6.4
Fighting       | 4 5 |  5.6
Shields        | 4 5 |  5.7
Armour         | 4 5 |  5.6

Action                   |  1- 3 |  4- 6 |  7- 9 || total
-------------------------+-------+-------+-------++-------
Melee: War axe           |    96 |   204 |    40 ||   340
       Headbutt          |    12 |    32 |     5 ||    49
  Eat: Chunk             |     2 |     8 |     3 ||    13
Armor: Scale mail        |    60 |    76 |    16 ||   152
Dodge: Dodged            |    45 |    67 |    14 ||   126
Block: Shield            |    50 |   120 |    29 ||   199
